 Dungeon Crawl Stone Soup version 0.32-a0-696-g5fa0bccb63 (webtiles) character file.

Game seed: 15977850007996141839

3 IndexError the Conjurer (level 1, 16/16 HPs)
             Began as an Oni Conjurer on Mar 13, 2024.
             Quit the game on level 1 of the Dungeon.
             The game lasted 00:00:16 (297 turns).

IndexError the Conjurer (Oni Conjurer)               Turns: 297, Time: 00:00:17

Health: 16/16      AC:  3    Str: 10    XL:     1   Next: 50%
Magic:  0/4        EV:  8    Int: 19    God:
Gold:   34         SH:  0    Dex:  7    Spells: 4/5 levels left

rFire   . . .        (no weapon)
rCold   . . .        (no shield)
rNeg    . . .        a - +0 robe
rPois   .            (helmet restricted)
rElec   .            (no cloak)
rCorr   .            (gloves unavailable)
SInv    .            (boots unavailable)
Will    .....        (no amulet)
Stlth   +            (no ring)
HPRegen 0.22/turn    (no ring)
MPRegen 0.09/turn

%: no passive effects
@: no status effects
A: large, unfitting armour, horns 1, tough skin 1, double potion healing,
drunken brawling
a: no special abilities


You were on level 1 of the Dungeon.
You visited 1 branch of the dungeon, and saw 1 of its levels.

You collected 34 gold pieces.

Inventory:

Hand Weapons
 f - a +0 mace
   (You found it on level 1 of the Dungeon)
 g - a +0 club
   (You found it on level 1 of the Dungeon)
Armour
 a - a +0 robe (worn)
Scrolls
 c - a scroll of teleportation {unknown}
Potions
 b - a potion of magic
 d - a potion of ambrosia {unknown}
 e - a potion of heal wounds {unknown}


   Skills:
 - Level 1.7 Dodging
 - Level 1.4 Stealth
 + Level 2.5 Spellcasting
 * Level 3.7 Conjurations


You had 4 spell levels left.
You knew the following spells:

 Your Spells              Type           Power      Damage    Failure   Level
a - Magic Dart            Conj           64%        1d6       3%          1

Your spell library contained the following spells:

 Spells                   Type           Power      Damage    Failure   Level
 Searing Ray              Conj           32%        2d5       5%          2
 Fulminant Prism          Conj/Alch      4%         3d5       58%         4
 Iskenderun's Mystic Bla  Conj/Tloc      9%         2d4       58%         4


Dungeon Overview and Level Annotations

Branches:
Dungeon (1/15)

Altars:


Innate Abilities, Weirdness & Mutations

You are too large for most types of armour.
You have a pair of small horns on your head.
You have tough skin. (AC +1)
You gain doubled healing and magic from potions.
Whenever you drink a healing potion, you attack all around you.


Message History

Bad channel name 'Jiyva says' for runrest: 'Jiyva says: Divide and consume' Welcome, IndexError the Oni Conjurer.
They say the Orb of Zot lies within this dungeon, but they say a lot of things.
Press ? for a list of commands and other information.
Found a staircase leading out of the dungeon.
A hobgoblin comes into view.
The hobgoblin shouts!
The magic dart hits the hobgoblin.
You now have 2/3 mp.
The magic dart hits the hobgoblin but does no damage.
You now have 1/3 mp.
The magic dart hits the hobgoblin.
You now have 0/3 mp.
Magic restored.
You now have 3 gold pieces.
c - a scroll labelled YWNULO CAEHODI MP restored: 3
d - an amethyst potion A frilled lizard comes into view.
A frilled lizard is nearby!
The magic dart hits the frilled lizard.
You now have 2/4 mp.
No target in view!
You can't see any susceptible monsters within range! (Use Z to cast anyway.)
A rat comes into view.
The rat squeaks loudly.
MP restored: 4 A rat is nearby!
A rat is nearby!
The magic dart hits the rat.
You now have 3/4 mp.
You can't see any susceptible monsters within range! (Use Z to cast anyway.)
You can't see any susceptible monsters within range! (Use Z to cast anyway.)
You now have 17 gold pieces (gained 14).
You now have 34 gold pieces (gained 17).
You see here a +0 leather armour.
Found a stone staircase leading down.
MP restored: 4 A ball python comes into view.
A ball python is nearby!
The magic dart hits the ball python.
The ball python hisses angrily.
You now have 3/4 mp.
The magic dart hits the ball python.
You now have 2/4 mp.
You can't see any susceptible monsters within range! (Use Z to cast anyway.)
e - a murky green potion MP restored: 4
f - a +0 mace
g - a +0 club A dart slug comes into view.
The dart slug launches a dart at you. The slug dart misses you.
The magic dart hits the dart slug.
You now have 3/4 mp.
The magic dart hits the dart slug.
You now have 2/4 mp.
The magic dart hits the dart slug but does no damage.
The dart slug launches a dart at you. The slug dart misses you.
You now have 1/4 mp.
The magic dart hits the dart slug.
You now have 0/4 mp.
You are out of magic!
You are out of magic!
You are out of magic!
Are you sure you want to abandon this character and quit the game? (Confirm with "yes".)

#
##################.####.
................@...w...
.#...##...########.####.
...........#........#
....................#
....................
.>.........#.######
...........#.#
......#...##.#
#.###.######.#


You could see a dart slug.

Vanquished Creatures
  A hobgoblin (D:1)
  A ball python (D:1)
  A frilled lizard (D:1)
  A rat (D:1)
4 creatures vanquished.

Notes
Turn   | Place    | Note
-------+----------+-------------------------------------------
     0 | D:1      | IndexError the Oni Conjurer began the quest for the Orb.
     0 | D:1      | Reached XP level 1. HP: 16/16 MP: 3/3
   297 | D:1      | Quit the game

Illustrated notes

Levels and vault maps discovered:
D:1:      psy_arrival_radial02, layout_rooms, minmay_tiny_reverse_x

Action                     || total
---------------------------++-------
   Cast: Magic Dart        ||    11
  Dodge: Dodged            ||     2

Table legend: (Time is in decaauts)
 A = Elapsed time spent in this place.
 B = Non-inter-level travel time spent in this place.
 C = Inter-level travel time spent in this place.
 D = Time resting spent in this place.
 E = Time spent auto-exploring this place.
 F = Levels seen in this place.
 G = Mean time per level.
                   A        B        C        D        E       F      G
               +--------+--------+--------+--------+--------+-----+--------+
         Total |    297 |    297 |      0 |      0 |    272 |   1 |  297.0 |
       Dungeon |    297 |    297 |      0 |      0 |    272 |   1 |  297.0 |
               +--------+--------+--------+--------+--------+-----+--------+

Top non-repeatable levels by time:
     D:1: 297 daAuts

Levels and vault maps discovered:
D:1:      psy_arrival_radial02, layout_rooms, minmay_tiny_reverse_x

Table legend: (Time is in decaauts)
 A = Elapsed time spent in this place.
 B = Non-inter-level travel time spent in this place.
 C = Inter-level travel time spent in this place.
 D = Time resting spent in this place.
 E = Time spent auto-exploring this place.
 F = Levels seen in this place.
 G = Mean time per level.
                   A        B        C        D        E       F      G
               +--------+--------+--------+--------+--------+-----+--------+
         Total |    297 |    297 |      0 |      0 |    272 |   1 |  297.0 |
       Dungeon |    297 |    297 |      0 |      0 |    272 |   1 |  297.0 |
               +--------+--------+--------+--------+--------+-----+--------+

Top non-repeatable levels by time:
     D:1: 297 daAuts

Table legend:
 A = Kills in this place as a percentage of kills in the entire game.
 B = Kills by you in this place as a percentage of kills by you in the entire game.
 C = Kills by friends in this place as a percentage of kills by friends in the entire game.
 D = Other kills in this place as a percentage of other kills in the entire game.
 E = Experience gained in this place as a percentage of experience gained in the entire game.
 F = Experience gained in this place divided by the number of levels of this place that you have seen.
                   A       B       C       D       E      F
               +-------+-------+-------+-------+-------+----------------------
         Total | 100.0 | 100.0 |   N/A |   N/A | 100.0 |   5.0
       Dungeon | 100.0 | 100.0 |   N/A |   N/A | 100.0 |   5.0
               +-------+-------+-------+-------+-------+----------------------
